 Dungeon Crawl Stone Soup version 0.22-a0-271-gc000056 (webtiles) character file.

3715 RoseArtemis the Basher (level 9, -9/83 HPs)
             Began as a Minotaur Fighter on Mar 10, 2018.
             Was a Follower of Trog.
             Killed from afar by a lava snake (15 damage)
             ... with a glob of lava
             ... on level 7 of the Dungeon.
             The game lasted 00:13:28 (7656 turns).

RoseArtemis the Basher (Minotaur Fighter)           Turns: 7656, Time: 00:13:29

Health: -9/83      AC: 17    Str: 24    XL:     9   Next: 91%
Magic:  8/8        EV:  5    Int:  5    God:    Trog [*.....]
Gold:   429        SH: 10    Dex: 13    Spells: 8/8 levels left

rFire    + . .     SeeInvis +   a - +7 mace of the Purse {flame, Str+3}
rCold    . . .     Gourm    .   c - +0 shield
rNeg     . . .     Faith    .   L - +0 plate armour
rPois    .         Spirit   .   (helmet restricted)
rElec    .         Reflect  .   (no cloak)
rCorr    .         Harm     .   l - +0 pair of gloves
MR       .....                  G - +0 pair of boots
Stlth    ..........             (no amulet)
HPRegen  0.23/turn              m - ring of protection from fire
MPRegen  0.11/turn              o - ring of see invisible

@: no status effects
A: retaliatory headbutt, horns 2
a: Berserk, Renounce Religion


You were on level 7 of the Dungeon.
You worshipped Trog.
Trog was aware of your devotion.
You were hungry.

You visited 2 branches of the dungeon, and saw 8 of its levels.

You collected 429 gold pieces.

Inventory:

Hand Weapons
 a - the +7 mace of the Purse (weapon) {flame, Str+3}
   (You found it on level 4 of the Dungeon)

   It has been specially enchanted to burn those struck by it, causing extra
   injury to most foes and up to half again as much damage against particularly
   susceptible opponents.
   It affects your strength (+3).
 J - the +7 shortbow of Inconvenience {venom, Int+4}
   (You found it on level 6 of the Dungeon)

   It poisons the ammo it fires.
   It affects your intelligence (+4).
Armour
 c - a +0 shield (worn)
 l - a +0 pair of gloves (worn)
 G - a +0 pair of boots (worn)
 L - a +0 plate armour (worn)
Jewellery
 m - a ring of protection from fire (left hand)
 o - a ring of see invisible (right hand)
 w - an uncursed ring of positive energy
 x - an uncursed ring of protection from fire
Wands
 y - a wand of clouds (5)
Scrolls
 g - a scroll of enchant armour {unknown}
 n - a scroll of fear {unknown}
 p - 2 scrolls of blinking
 s - 2 scrolls of teleportation
 t - 9 scrolls of remove curse
 v - a scroll of immolation {unknown}
 B - 3 scrolls of magic mapping
 C - a scroll of vulnerability {unknown}
 E - a scroll of amnesia {unknown}
 F - a scroll of enchant weapon {unknown}
 H - a scroll of random uselessness {unknown}
 I - 2 scrolls of identify
Potions
 b - a potion of lignification {unknown}
 d - a potion of might
 e - 2 potions of brilliance
 h - 2 potions of cancellation
 i - a potion of flight {unknown}
 j - 2 potions of magic {unknown}
 k - 5 potions of curing
 q - 2 potions of haste
 r - a potion of resistance {unknown}
 u - a potion of ambrosia {unknown}
 z - a potion of agility {unknown}
 A - 2 potions of mutation
 M - a potion of invisibility {unknown}
Comestibles
 f - 11 rations


   Skills:
 + Level 9.2 Fighting
   Level 7.1(9.5) Axes
 * Level 9.9(10.8) Maces & Flails
 + Level 9.3 Armour
 - Level 3.6 Shields


You had 8 spell levels left.
You didn't know any spells.

Dungeon Overview and Level Annotations

Branches:
Dungeon (7/15)             Temple (1/1) D:6

Altars:
Ashenzari
Dithmenos
Elyvilon
Fedhas
Gozag
Hepliaklqana
Kikubaaqudgha
Makhleb
Ru
Trog
Yredelemnul
Zin
Jiyva


Innate Abilities, Weirdness & Mutations

You reflexively headbutt those who attack you in melee.
You have a pair of horns on your head.


Message History

The lava snake spits lava at you. The glob of lava hits you!
You partially resist.
* * * LOW HITPOINT WARNING * * *
You feel much better. The lava snake spits lava at you.
The glob of lava hits you! You partially resist.
* * * LOW HITPOINT WARNING * * *
The lava snake spits lava at you. The glob of lava hits you!
* * * LOW HITPOINT WARNING * * *
The lava snake spits lava at you. The glob of lava hits you!
You partially resist.
* * * LOW HITPOINT WARNING * * *
There is a large open door here.
Okay, then.
The lava snake spits lava at you. The glob of lava hits you!
The lava snake spits lava at you. The glob of lava hits you!
You partially resist.
You die...

(....#.# #.......# #######
.....####### #.......#
............ ......####≈≈≈§≈§≈≈≈
..).....##########.###§≈≈≈§§≈≈§§
...................##≈§≈≈≈≈≈≈≈≈§
...............# ##≈≈§≈§≈§≈≈≈≈≈
[....###.......# #≈§≈≈≈§≈≈≈≈≈§§
.....# #.......####≈S≈≈≈≈≈≈≈≈≈≈§
.....# #........@.#≈SSS§≈≈≈..≈§§
...### #.......##.'...§....≈§!≈≈
#### #.......##.'......†.≈≈(≈§
#.......####S§S≈§≈≈≈..≈≈≈
######### #S§≈§§≈≈≈≈§§§§
#§≈§§≈§§≈§§≈≈≈ ##≈§§§≈≈≈§≈≈≈≈
##≈§§≈≈§≈§§§≈ ##§§§§§§§§§≈


You could see 3 lava snakes.

Vanquished Creatures
  Pikel (D:4)
  The ghost of Fingolfin the Carver, an amateur MiBe of Trog (D:4)
  A hippogriff (D:5)
  A yak (D:7)
  Edmund (D:4)
  2 ice beasts
  An orc warrior (D:6)
  3 black bears
  A sky beast (D:7)
  A phantom (D:6)
  2 ogres
  A big kobold (D:7)
  3 bullfrogs
  5 scorpions
  A howler monkey (D:6)
  A centaur zombie (D:5)
  5 hounds
  A jelly (D:5)
  2 orc priests
  A centaur skeleton (D:6)
  Terence (D:3)
  Jessica (D:2)
  5 worker ants
  3 iguanas (D:6)
  9 orc wizards
  Natasha (twice) (D:4)
  A hound zombie (D:5)
  Robin (D:4)
  A gnoll (D:1)
  8 adders
  2 shadow imps
  2 adder skeletons (D:6)
  5 worms
  4 dart slugs
  5 leopard geckos
  33 orcs
  3 ball pythons
  5 bats
  5 giant cockroaches
  25 goblins
  15 hobgoblins
  2 jackals
  2 quokkas
  5 frilled lizards
  A jackal skeleton (D:4)
  18 kobolds
  4 rats
203 creatures vanquished.

Vanquished Creatures (others)
  A slave (D:4)
  Natasha (D:4)
2 creatures vanquished.

Grand Total: 205 creatures vanquished

Notes
Turn   | Place    | Note
-------+----------+-------------------------------------------
     0 | D:1      | RoseArtemis the Minotaur Fighter began the quest for the Orb.
     0 | D:1      | Reached XP level 1. HP: 19/19 MP: 0/0
   221 | D:1      | Reached XP level 2. HP: 18/27 MP: 1/1
   435 | D:1      | Reached XP level 3. HP: 33/33 MP: 2/2
  1085 | D:2      | Reached XP level 4. HP: 30/40 MP: 3/3
  1219 | D:2      | Noticed Jessica
  1230 | D:2      | Killed Jessica
  1577 | D:2      | Found a faded altar of an unknown god.
  1710 | D:2      | Reached XP level 5. HP: 47/47 MP: 4/4
  2340 | D:3      | Found a shadowy altar of Dithmenos.
  2340 | D:3      | Noticed Terence
  2351 | D:3      | Killed Terence
  2351 | D:3      | Reached skill level 5 in Axes
  2493 | D:3      | Reached skill level 5 in Fighting
  2493 | D:3      | Reached skill level 5 in Armour
  2945 | D:4      | Noticed Edmund
  2952 | D:4      | Reached XP level 6. HP: 41/56 MP: 5/5
  2960 | D:4      | Killed Edmund
  3159 | D:4      | Noticed Fingolfin's ghost (amateur MiBe)
  3378 | D:4      | Killed Fingolfin's ghost
  3378 | D:4      | Reached XP level 7. HP: 61/62 MP: 6/6
  3481 | D:4      | Noticed Natasha
  3489 | D:4      | Killed Natasha
  3556 | D:4      | Noticed Robin
  3564 | D:4      | Killed Robin
  3717 | D:4      | Got an ancient mace
  3722 | D:4      | Identified the +7 mace of the Purse {flame, Str+3} (You found it on level 4 of the Dungeon)
  4050 | D:4      | Noticed Pikel
  4060 | D:4      | Killed Pikel
  4060 | D:4      | Reached XP level 8. HP: 52/71 MP: 7/7
  4501 | D:4      | Noticed Natasha
  4506 | D:4      | Killed Natasha
  4601 | D:4      | Killed Natasha
  4681 | D:5      | Entered Level 5 of the Dungeon
  4695 | D:5      | Reached skill level 5 in Maces & Flails
  5387 | D:5      | Noticed a hippogriff
  5394 | D:5      | Killed a hippogriff
  5735 | D:6      | Found a white marble altar of Elyvilon.
  5799 | D:6      | Reached XP level 9. HP: 52/81 MP: 8/8
  5941 | D:6      | Found a basalt altar of Yredelemnul.
  6087 | D:6      | Got a slimy shortbow
  6303 | D:6      | Found a staircase to the Ecumenical Temple.
  6313 | Temple   | Entered the Ecumenical Temple
  6405 | Temple   | Became a worshipper of Trog the Wrathful
  6482 | D:6      | Identified the +7 shortbow of Inconvenience {venom, Int+4} (You found it on level 6 of the Dungeon)
  7361 | D:7      | Reached * piety under Trog
  7656 | D:7      | Killed from afar by a lava snake

Vault maps used:
D:1:      dpeg_arrival_rhombi, due_unseen_surprise
D:2:      kennysheep_the_goblin_king, chequers_ecumenical_altar_simple,
          uniq_jessica
D:3:      nicolae_dithmenos_through_a_glass_darkly, uniq_terence
D:4:      uniq_pikel, uniq_natasha, uniq_edmund, uniq_robin
D:5:      first_ration
D:6:      kennysheep_ying_yang, temple_statues, hangedman_decor_push
D:7:      kennysheep_big_flooded_room
Temple:   pf_slimified_temple

Skill      XL: |  1  2  3  4  5  6  7  8  9 |
---------------+----------------------------+-----
Axes           | 3 4 5 6 7 |  7.1
Fighting       | 4 5 6 7 9 |  9.2
Armour         | 4 5 6 7 9 |  9.3
Maces & Flails | 4 7 9 |  9.9
Shields        | |  3.6

Action                   |  1- 3 |  4- 6 |  7- 9 || total
-------------------------+-------+-------+-------++-------
Melee: War axe           |    63 |   134 |    29 ||   226
       Headbutt          |     8 |    17 |    45 ||    70
       Mace              |       |       |   246 ||   246
  Use: Scroll            |       |     6 |     8 ||    14
       Potion            |       |     1 |     1 ||     2
  Eat: Chunk             |     1 |     7 |    13 ||    21
Armor: Scale mail        |    23 |    19 |       ||    42
       Storm dragon scal |       |    52 |   122 ||   174
       Plate armour      |       |       |    44 ||    44
Dodge: Dodged            |    20 |    42 |    65 ||   127
Block: Shield            |    27 |    79 |   158 ||   264

Table legend:
 A = Spawn XP
 B = Non-spawn XP
 C = Spawn XP percentage of total XP
 D = Spawn monster count
 E = Non-spawn monster count
 F = Spawn count percentage of total count
 G = Total turns spent on level
                    A         B        C        D         E        F      G
               +---------+---------+-------+---------+---------+-------+---------
         Total |       0 |    5308 |   0.0 |       0 |     203 |   0.0 |  7656
               +---------+---------+-------+---------+---------+-------+---------
           D:1 |       0 |      51 |   0.0 |       0 |      21 |   0.0 |   943
           D:2 |       0 |     149 |   0.0 |       0 |      37 |   0.0 |  1096
           D:3 |       0 |     165 |   0.0 |       0 |      26 |   0.0 |  1129
           D:4 |       0 |    1420 |   0.0 |       0 |      38 |   0.0 |  1692
           D:5 |       0 |     824 |   0.0 |       0 |      22 |   0.0 |   854
           D:6 |       0 |    1588 |   0.0 |       0 |      30 |   0.0 |   979
           D:7 |       0 |    1111 |   0.0 |       0 |      29 |   0.0 |   857
               +---------+---------+-------+---------+---------+-------+---------
